AoeStats
← Eppo

Black Forest

510165352Analyzed
2v2 RM · 2d ago on Sep 29, 2026· 65m 43s· 4 players
Game mode
Random Map
Map size
Medium (4 player)
Population
200
Speed
Normal
Resources
Standard
Victory
Conquest
Starting age
Dark Age
Ending age
Imperial Age
RankedLock teamsTeams togetherTeam positionsShared explorationLock speedFull tech treeHidden civsTurbo modeCheats
Victory
Defeat
🇳🇱 Bohemians · Netherlands
892
+16
🇳🇱 Saracens · Netherlands
875
+17
🇨🇿 Romans · Czechia
895
-17
🇨🇿 Magyars · Czechia
886
-16
Eppo
0:36 Loom
12:43 Feudal Age
16:36 Castle Age
14:25 Double-Bit Axe
18:16 Bow Saw
20:02 Wheelbarrow
20:43 Horse Collar
24:10 Heavy Plow
26:26 Hand Cart
26:32 Town Watch
27:53 Fletching
28:04 Padded Archer Armor
28:53 Town Patrol
29:55 Caravan
32:56 Imperial Age
31:03 Leather Archer Armor
30:44 Bodkin Arrow
31:01 Forging
31:02 Pikeman
31:43 Squires
32:23 Scale Mail Armor
33:05 Wagenburg Tactics
33:24 Halberdier
33:50 Arson
34:48 Guilds
36:03 Chemistry
36:18 Conscription
37:01 Scale Barding Armor
37:32 Iron Casting
37:13 Chain Mail Armor
36:59 Bracer
37:29 Ring Archer Armor
36:28 Man-at-Arms
36:44 Houfnice
37:05 Long Swordsman
37:48 Two-Handed Swordsman
38:55 Champion
40:59 Blast Furnace
40:30 Plate Mail Armor
40:18 Masonry
40:17 Siege Engineers
40:38 Bombard Tower
41:09 Chain Barding Armor
43:58 Architecture
43:28 Murder Holes
PD
0:51 Loom
11:49 Feudal Age
12:29 Horse Collar
13:51 Double-Bit Axe
15:53 Scale Barding Armor
16:01 Forging
20:47 Castle Age
20:53 Padded Archer Armor
20:56 Scale Mail Armor
22:38 Bow Saw
22:28 Gold Mining
22:42 Heavy Plow
24:21 Chain Barding Armor
24:38 Iron Casting
26:00 Wheelbarrow
25:12 Town Watch
27:29 Hand Cart
27:44 Stone Mining
29:15 Town Patrol
31:15 Leather Archer Armor
30:51 Fletching
31:18 Chain Mail Armor
31:23 Squires
32:28 Gold Shaft Mining
34:33 Bimaristan
34:49 Caravan
38:34 Imperial Age
37:33 Coinage
39:12 Elite Mameluke
40:27 Counterweights
40:50 Ballistics
40:18 Arrowslits
40:29 Murder Holes
41:40 Chemistry
40:26 Arrowslits
40:51 Fortified Wall
40:38 Murder Holes
40:50 Siege Engineers
40:56 Masonry
41:21 Conscription
41:37 Hoardings
43:03 Guard Tower
43:54 Plate Barding Armor
44:26 Blast Furnace
44:49 Plate Mail Armor
44:49 Ring Archer Armor
44:15 Bodkin Arrow
♛ Fyzzi ♛
2:59 Loom
10:30 Feudal Age
11:58 Wheelbarrow
11:12 Double-Bit Axe
11:09 Horse Collar
12:57 Town Watch
13:19 Man-at-Arms
21:51 Castle Age
22:35 Gold Mining
22:36 Stone Mining
27:47 Bow Saw
30:20 Hand Cart
30:13 Scale Mail Armor
30:19 Scale Barding Armor
30:25 Forging
32:15 Heavy Plow
32:20 Squires
35:04 Imperial Age
33:12 Pikeman
36:12 Conscription
37:52 Iron Casting
38:51 Gold Shaft Mining
38:49 Crop Rotation
38:57 Caravan
40:31 Comitatenses
41:57 Bloodlines
41:47 Husbandry
41:11 Elite Centurion
41:43 Capped Ram
41:53 Halberdier
44:57 Chain Barding Armor
45:38 Blast Furnace
44:10 Siege Ram
44:20 Long Swordsman
46:36 Plate Barding Armor
45:56 Legionary
47:38 Chain Mail Armor
51:01 Fletching
60:53 Guilds
61:24 Coinage
The Dynamix
5:06 Loom
11:09 Feudal Age
13:49 Wheelbarrow
13:14 Double-Bit Axe
15:47 Town Watch
16:16 Gold Mining
22:19 Castle Age
20:38 Stone Mining
21:16 Horse Collar
23:38 Scale Barding Armor
23:46 Bloodlines
23:36 Husbandry
23:41 Heavy Plow
24:07 Husbandry
26:02 Bow Saw
27:31 Town Patrol
28:50 Hand Cart
31:47 Chain Barding Armor
31:23 Fletching
31:34 Padded Archer Armor
34:15 Bodkin Arrow
34:36 Leather Archer Armor
39:34 Gold Shaft Mining
39:29 Caravan
42:55 Imperial Age
40:42 Corvinian Army
40:07 Pikeman
40:10 Elite Skirmisher
40:15 Light Cavalry
40:21 Light Cavalry
44:06 Crop Rotation
43:42 Cavalier
45:01 Parthian Tactics
45:14 Elite Magyar Huszar
46:16 Conscription
46:22 Conscription
45:55 Paladin
46:10 Heavy Cavalry Archer
47:48 Recurve Bow
Connection lost

Rejoining the realm…

Still unreachable

The connection could not be restored.

Session expired

The server has moved on; the page needs a fresh start.